 Dungeon Crawl Stone Soup version 0.29-a0-732-g3d7fbe0af2 (webtiles) character file.

Game seed: 7480944490144705754

4 elite277 the Grave Robber (level 1, 0/13 HPs)
             Began as a Human Necromancer on June 29, 2022.
             Slain by a hobgoblin (4 damage)
             ... on level 1 of the Dungeon.
             The game lasted 00:01:25 (193 turns).

elite277 the Grave Robber (Human Necromancer)        Turns: 193, Time: 00:01:25

Health: 0/13       AC:  2    Str:  8    XL:     1   Next: 77%
Magic:  0/3        EV: 12    Int: 15    God:
Gold:   29         SH:  0    Dex: 13    Spells: 3/4 levels left

rFire   . . .      SeeInvis .   c - +0 whip
rCold   . . .      Faith    .   (no shield)
rNeg    . . .      Spirit   .   a - +0 robe
rPois   .          Reflect  .   (no helmet)
rElec   .          Harm     .   (no cloak)
rCorr   .          Rampage  .   (no gloves)
Will    .....                   (no boots)
Stlth   ++........              (no amulet)
HPRegen 0.04/turn               (no ring)
MPRegen 0.08/turn               (no ring)

@: no status effects
A: no striking features
a: no special abilities


You were on level 1 of the Dungeon.
You visited 1 branch of the dungeon, and saw 1 of its levels.

You collected 29 gold pieces.

Inventory:

Hand Weapons
 c - a +0 whip (weapon)
 g - a +0 club
Missiles
 f - 5 poisoned darts
Armour
 a - a +0 robe (worn)
Potions
 b - a potion of magic
 d - a potion of haste {unknown}
 e - a potion of attraction {unknown}


   Skills:
 + Level 2.0 Dodging
 + Level 2.0 Stealth
 + Level 2.0 Spellcasting
 + Level 4.2 Necromancy


You had 3 spell levels left.
You knew the following spells:

 Your Spells              Type           Power      Damage    Failure   Level
a - Necrotize             Necr           56%        1d6       4%          1

Your spell library contained the following spells:

 Spells                   Type           Power      Damage    Failure   Level
 Vampiric Draining        Necr           14%        2d7       12%         3
 Animate Dead             Necr           14%        N/A       36%         4
 Agony                    Necr           14%        N/A       73%         5


Dungeon Overview and Level Annotations

Branches:
Dungeon (1/15)

Altars:


Message History

Aim: a ball python (asleep, chance to affect: 84%)
The ball python hisses angrily.
The ball python writhes in agony.
You kill the ball python!
The dead are slithering!
The frilled lizard hisses angrily.
Your rat skeleton crumbles into dust!
A hobgoblin comes into view.
A giant cockroach comes into view.
A bat comes into view.
The hobgoblin hits you but does no damage.
Your ball python skeleton barely misses the frilled lizard. x2
You hit the hobgoblin but do no damage. The hobgoblin closely misses you.
The frilled lizard unfolds its giant frill.
You hit the hobgoblin.
The hobgoblin is moderately wounded.
The giant cockroach bites your ball python skeleton.
The hobgoblin hits you. The frilled lizard closely misses you.
The giant cockroach bites your ball python skeleton.
Your ball python skeleton barely misses the giant cockroach.
Your ball python skeleton grabs the giant cockroach.
Your ball python skeleton constricts the giant cockroach.
Casting: Necrotize (safe; 4% risk of failure)
Confirm with . or Enter, or press ? or * to list all spells.
Aiming: Necrotize (safe; 4% risk of failure)
Press: ? - help, Shift-Dir - straight line, f - hobgoblin
Aim: a hobgoblin (moderately wounded, chance to affect: 84%)
The hobgoblin writhes in agony.
The hobgoblin hits you.
The frilled lizard completely misses you.
The giant cockroach bites your ball python skeleton.
Your ball python skeleton bites the giant cockroach but does no damage.
Your ball python skeleton constricts the giant cockroach.
The frilled lizard attacks as you move away!
The frilled lizard bites you.
The giant cockroach struggles to escape constriction.
Your ball python skeleton barely misses the giant cockroach.
Your ball python skeleton constricts the giant cockroach.
The frilled lizard attacks as you move away!
The frilled lizard barely misses you. The hobgoblin attacks as you move away!
The hobgoblin hits you.
You die...

#.##..# #...
#.##..# #...
.#....# #
#..† ##.##.##
.# ##.. # #.#
#.## #.. #.#
#...# #.#. #
#.# #.....
##.#
#.##.##....b.
#.
#...@........
..
####lg##.##..
... #...# ###
#.ZB$# ##..##
#..? #..#.
#.##.# #.. .


You could see a giant cockroach (ally target), a hobgoblin, a bat (asleep), a
frilled lizard and a friendly ball python skeleton.

Vanquished Creatures
  A giant cockroach (D:1)
  3 ball pythons (D:1)
  A rat (D:1)
5 creatures vanquished.

Vanquished Creatures (collateral kills)
  A bat (D:1)
1 creature vanquished.

Grand Total: 6 creatures vanquished

Notes
Turn   | Place    | Note
-------+----------+-------------------------------------------
     0 | D:1      | elite277 the Human Necromancer began the quest for the Orb.
     0 | D:1      | Reached XP level 1. HP: 13/13 MP: 3/3
   193 | D:1      | Slain by a hobgoblin

Illustrated notes

Levels and vault maps discovered:
D:1:      dpeg_arrival_castle, layout_loops_ring, minmay_tall_x

Action                   || total
-------------------------++-------
Melee: Whip              ||     4
       Punch             ||     1
 Cast: Necrotize         ||     7
Armor: Robe              ||     2
Dodge: Dodged            ||    10

Table legend: (Time is in decaauts)
 A = Elapsed time spent in this place.
 B = Non-inter-level travel time spent in this place.
 C = Inter-level travel time spent in this place.
 D = Time resting spent in this place.
 E = Time spent auto-exploring this place.
 F = Levels seen in this place.
 G = Mean time per level.
                   A        B        C        D        E       F      G
               +--------+--------+--------+--------+--------+-----+--------+
         Total |    194 |    194 |      0 |      0 |     26 |   1 |  194.0 |
       Dungeon |    194 |    194 |      0 |      0 |     26 |   1 |  194.0 |
               +--------+--------+--------+--------+--------+-----+--------+

Top non-repeatable levels by time:
     D:1: 194 daAuts
